 Dungeon Crawl Stone Soup version 0.28.0-1-gb440e238dd (webtiles) character file.

Game seed: 16522173363152886204

276955 safid the Messiah (level 20, -8/191 (193) HPs)
             Began as a Hill Orc Fighter on Feb 20, 2022.
             Was the Champion of Beogh.
             Killed by the air
             ... invoked by a titan
              (20 damage)
             ... on level 2 of the Vaults.
             The game lasted 02:35:44 (45603 turns).

safid the Messiah (Hill Orc Fighter)               Turns: 45603, Time: 02:35:44

HP:   -8/191 (193)  AC: 44    Str: 26    XL:     20   Next: 38%
MP:   37/37         EV:  9    Int:  8    God:    Beogh [******]
Gold: 1988          SH:  8    Dex:  7    Spells: 19/19 levels left

rFire   + + +      SeeInvis +   d - +12 broad axe "Wyplauf" {vorpal, rElec}
rCold   + + .      Faith    .   a - +3 buckler {rF+}
rNeg    + + .      Spirit   .   z - +15 Maxwell's patent armour {-Cast -Tele rElec Will+ rCorr}
rPois   +          Reflect  .   L - +2 helmet
rElec   +          Harm     .   o - +2 cloak {Stlth+}
rCorr   +          Rampage  .   v - +0 pair of gloves of Neerazunk {rPois}
Will    +++++      NoTele   +   H - +2 pair of boots
Stlth   .......... NoCast   +   Z - amulet "Turod" {Contam rC+ Will++ Regen+ Stlth+}
HPRegen 1.21/turn               U - ring "Nuegap" {rF++ rN+ Dex-3 Slay+2 SInv}
MPRegen 0.25/turn               J - ring "Rach" {rN+ Will++ rCorr Str-2 SInv}

@: resistant, hasted, studying Polearms, lightly drained, very quick
A: walk on water
}: 2/15 runes: decaying, gossamer
a: Renounce Religion, Smiting, Recall Orcish Followers, Give Item to Named
Follower, Resurrection


You were on level 2 of the Vaults.
You worshipped Beogh.
Beogh was exalted by your worship.
You visited 7 branches of the dungeon, and saw 36 of its levels.
You also visited: Sewer, Bailey, Gauntlet and Ice Cave.

You collected 5314 gold pieces.
You spent 3326 gold pieces at shops.

Inventory:

Hand Weapons
 d - the +12 broad axe "Wyplauf" (weapon) {vorpal, rElec}
   (You bought it in a shop on level 2 of the Orcish Mines)

   It inflicts extra damage upon your enemies.
   rElec:     It insulates you from electricity.
 f - the +7 long sword of Excruciating Pain {drain, rPois}
   (You bought it in a shop on level 2 of the Orcish Mines)

   A truly terrible weapon, it drains the life of any living foe it strikes.
   rPois:     It protects you from poison.
 i - the +10 shortbow of Ceoteloa {speed, Will- Int+8}
   (You found it on level 3 of the Elven Halls)

   Attacks with this weapon are significantly faster.
   Int:       It affects your intelligence (+8).
   Will:      It decreases your willpower.
Missiles
 r - 6 silver boomerangs
 C - 32 poisoned darts (quivered)
 F - 6 silver javelins
Armour
 a - a +3 buckler of fire resistance (worn)
 o - a +2 cloak of stealth (worn)
 v - the +0 pair of gloves of Neerazunk (worn) {rPois}
   (You found it in a Gauntlet)

   rPois:     It protects you from poison.
 z - the +15 Maxwell's patent armour (worn) {-Cast -Tele rElec Will+ rCorr}
   (You found it on level 3 of the Elven Halls)

   rElec:     It insulates you from electricity.
   -Cast:     It prevents spellcasting.
   -Tele:     It prevents most forms of teleportation.
   rCorr:     It protects you from acid and corrosion.
   Will:      It increases your willpower.
 H - a +2 pair of boots (worn)
 L - a +2 helmet (worn)
Jewellery
 g - the ring of Jielul {rF+ rC+ rCorr Str-3}
   (You took it off a deep elf death mage on level 3 of the Elven Halls)

   [ring of protection from fire]

   Str:       It affects your strength (-3).
   rF:        It protects you from fire.
   rC:        It protects you from cold.
   rCorr:     It protects you from acid and corrosion.
 j - the ring "Raokonit" {rElec Will+}
   (You found it on level 3 of the Elven Halls)

   [ring of willpower]

   rElec:     It insulates you from electricity.
   Will:      It increases your willpower.
 n - the ring of Nacityu {rCorr EV+4 Dex+3}
   (You found it on level 3 of the Elven Halls)

   [ring of evasion]

   EV:        It affects your evasion (+4).
   Dex:       It affects your dexterity (+3).
   rCorr:     It protects you from acid and corrosion.
 J - the ring "Rach" (right hand) {rN+ Will++ rCorr Str-2 SInv}
   (You bought it in a shop on level 1 of the Elven Halls)

   [ring of see invisible]

   Str:       It affects your strength (-2).
   rN:        It protects you from negative energy.
   SInv:      It lets you see invisible.
   rCorr:     It protects you from acid and corrosion.
   Will:      It greatly increases your willpower.
 N - the amulet "Qynnoydi" {Reflect rPois SH+5}
   (You took it off a minotaur in a Gauntlet)

   [amulet of reflection]

   It reflects blocked missile attacks.
   rPois:     It protects you from poison.
   SH:        It affects your SH (+5).
 U - the ring "Nuegap" (left hand) {rF++ rN+ Dex-3 Slay+2 SInv}
   (You found it in a Gauntlet)

   [ring of positive energy]

   Dex:       It affects your dexterity (-3).
   Slay:      It affects your accuracy & damage with ranged weapons and melee
   (+2).
   rF:        It greatly protects you from fire.
   rN:        It protects you from negative energy.
   SInv:      It lets you see invisible.
 Z - the amulet "Turod" (around neck) {Contam rC+ Will++ Regen+ Stlth+}
   (You found it on level 3 of the Elven Halls)

   [amulet of regeneration]

   rC:        It protects you from cold.
   Contam:    It causes magical contamination when unequipped.
   Regen:     It increases your rate of health regeneration.
   Will:      It greatly increases your willpower.
   Stlth:     It makes you more stealthy.
Wands
 l - a wand of paralysis (6)
 t - a wand of digging (27)
 G - a wand of polymorph (24)
 O - a wand of flame (61)
 R - a wand of acid (27)
 S - a wand of iceblast (25)
 V - a wand of mindburst (24)
Scrolls
 e - 5 scrolls of blinking
 h - a scroll of silence
 p - 3 scrolls of magic mapping
 s - 6 scrolls of fear
 y - 4 scrolls of holy word
 E - 4 scrolls of fog
 K - 16 scrolls of teleportation
Potions
 k - 10 potions of curing
 q - 3 potions of flight
 u - 3 potions of resistance
 w - 4 potions of mutation
 A - 4 potions of haste
 B - 7 potions of lignification
 D - 3 potions of cancellation
 I - 4 potions of invisibility
 Q - 5 potions of ambrosia
 T - a potion of magic
 W - 6 potions of might
 X - 3 potions of berserk rage
Miscellaneous
 c - a box of beasts
 x - a phantom mirror
 M - a phial of floods
 P - a condenser vane (inert)
 Y - a tin of tremorstones (2/2)


   Skills:
 - Level 20.0 Fighting
 - Level 18.0 Axes
 - Level 15.0 Armour
 - Level 6.0 Dodging
 + Level 9.2 Shields
 - Level 4.0 Necromancy
 O Level 27 Invocations
 + Level 10.9 Evocations


You had 19 spell levels left.
You didn't know any spells.
Your spell library contained the following spells:

 Spells                   Type           Power      Damage    Failure   Level
 Vampiric Draining        Necr           6%         2d6       91%         3
 Foxfire                  Conj/Fire      0%         2x1d4     98%         1
 Sandblast                Erth           0%         2d4       98%         1
 Slow                     Hex            0%         N/A       98%         1
 Sting                    Tmut/Pois      0%         1d3       98%         1
 Ensorcelled Hibernation  Hex/Ice        0%         N/A       99%         2
 Passwall                 Tmut/Erth      0%         N/A       99%         2
 Poisonous Vapours        Pois/Air       0%         N/A       99%         2
 Static Discharge         Conj/Air       0%         N/A       99%         2
 Call Canine Familiar     Summ           0%         N/A       100%        3
 Confusing Touch          Hex            0%         N/A       100%        3
 Conjure Flame            Conj/Fire      0%         6-21      100%        3
 Ignite Poison            Fire/Tmut/Pois 0%         N/A       100%        3
 Inner Flame              Hex/Fire       0%         N/A       100%        3
 Portal Projectile        Hex/Tloc       0%         N/A       100%        3
 Stone Arrow              Conj/Erth      0%         3d7       100%        3
 Summon Guardian Golem    Hex/Summ       0%         N/A       100%        3
 Swiftness                Air            0%         N/A       100%        3
 Tukima's Dance           Hex            0%         N/A       100%        3
 Airstrike                Air            0%         N/A       100%        4
 Cause Fear               Hex            0%         N/A       100%        4
 Dispel Undead            Necr           6%         3d8       100%        4
 Flame Wave               Conj/Fire      0%         2d4       100%        4
 Leda's Liquefaction      Hex/Erth       0%         N/A       100%        4
 Olgreb's Toxic Radiance  Pois           0%         N/A       100%        4
 Passage of Golubria      Tloc           0%         N/A       100%        4
 Petrify                  Tmut/Erth      0%         N/A       100%        4
 Sticky Flame             Conj/Fire      0%         2d3       100%        4
 Summon Ice Beast         Ice/Summ       0%         N/A       100%        4
 Summon Lightning Spire   Summ/Air       0%         N/A       100%        4
 Alistair's Intoxication  Tmut/Pois      0%         N/A       100%        5
 Blade Hands              Tmut           0%         N/A       100%        5
 Borgnjor's Vile Clutch   Necr/Erth      1%         N/A       100%        5
 Irradiate                Conj/Tmut      0%         3d14      100%        5
 Lightning Bolt           Conj/Air       0%         1d11      100%        5
 Metabolic Englaciation   Hex/Ice        0%         N/A       100%        5
 Summon Mana Viper        Hex/Summ       0%         N/A       100%        5
 Yara's Violent Unravell  Hex/Tmut       0%         3d3       100%        5
 Eringya's Noxious Bog    Tmut/Pois      0%         N/A       100%        6
 Statue Form              Tmut/Erth      0%         N/A       100%        6
 Dragon Form              Tmut           0%         N/A       100%        7
 Monstrous Menagerie      Summ           0%         N/A       100%        7
 Spellforged Servitor     Conj/Summ      0%         N/A       100%        7
 Shatter                  Erth           0%         3d5*      100%        9


Dungeon Overview and Level Annotations

Branches:
Dungeon (15/15)            Temple (0/1) D:4            Lair (6/6) D:9
  Swamp (4/4) Lair:2       Spider (4/4) Lair:2        Slime (0/5) Lair:5
    Orc (2/2) D:12            Elf (3/3) Orc:2        Vaults (2/5) D:13
 Depths (0/4) D:15          Sewer (visited)          Bailey (visited)
  IceCv (visited)         Gauntlet (visited)
  Crypt: Vaults:2-3

Altars:
Cheibriados
Trog
Vehumet
Wu Jian
Xom
Beogh
Jiyva

Shops:
D:4 (   D:8 =   Orc:1 (*   Orc:2 ((=!:   Elf:1 (*

Annotations:
D:4 1 runed translucent door, themarg's ghost, amateur MfSu
D:5 1 runed translucent door, browni3141's ghost, novice MiBe
D:7 5 runed translucent doors, Crazy Yiuf
D:12 2 transporters, Peasiagg's ghost, journeyman TrMo


Message History

The wizard casts a spell.
The wizard blinks!
You completely miss the titan.
The titan is moderately wounded.
The vault warden unwields a +3 bardiche of flaming.
It stops flaming.
The vault warden wields a +0 arbalest.
The vault warden shoots a bolt.
The bolt barely misses you.
The vault warden gives up.
The boulder beetle leaps!
You slash the titan!
The titan is moderately wounded.
Strange energies crackle from the ironbound thunderhulk's apparatus.
The ironbound thunderhulk blinks!
The titan points at you and mumbles some strange words.
The bolt of lightning hits you! You resist.
* * * LOW HITPOINT WARNING * * *
The bolt of lightning hits you! You resist.
* * * LOW HITPOINT WARNING * * *
The bolt of lightning hits the titan.
The titan completely resists.
The wizard mumbles some strange words.
The wizard blinks!
You feel better.
The runic seal fades away.
The vault warden shoots a bolt.
The bolt hits you.
* * * LOW HITPOINT WARNING * * *
Strange energies crackle from the ironbound thunderhulk's apparatus.
The ironbound thunderhulk blinks!
The slime creature jiggles.
The titan waves its arms in wide circles.
The air twists around and strikes you.
* * * LOW HITPOINT WARNING * * *
You carve the titan like a ham!!!
The titan is heavily wounded.
Unknown command.
You chop the titan into pieces!!!
The titan is almost dead.
Strange energies crackle from the ironbound thunderhulk's apparatus.
The ironbound thunderhulk blinks!
The titan waves its arms in wide circles.
The air twists around and strikes you!!
You die...

,,,,,*
*,....##...##...+,,,,+,,,,
****+*
*,,...Op§.4.....*,,,,*,,,,
* *,*
*,**#.J.§°.4....*,,,,*,,,,
** *,*
***,,.c.G.pCp##,*,,,,*,,,,
,***,*
*,,,#Dp)pe2.#**,,,,*,,,>
,,*,** *,,,#)e#*,,,*
*,,,,*,,,, ,,,**
***##p§##,,,* *,,,,*****
,,** ##C.).##***
*,,,,,,,,, ,** #p..C@.#
*,,,,,,,,, **
*****######+##+#
*,,,,,,,,, *
*,,,,#....+....#
******+***** *
*,>,,#....#.$.[#
**,,,,,,***,, #
*,,,##....#....#
*,,,,,,,,*,,,
####,,##....##...##
*,,****,,*,,*
...###+..(.?#....#
*,,,,**,,*,,*
...#.......##.)..#
**,,,,*,,*,,*
...#.>....##,...##
****,,*,,*,,*


You could see a shadow dragon (fleeing), an ironbound preserver, a titan, a
stone giant (fleeing), 3 vault wardens, an ironbound thunderhulk (sheltered,
fleeing), a yaktaur captain (sheltered, fleeing), a slime creature (sheltered,
fleeing), an eye of devastation shaped shifter and a deep elf demonologist
(sheltered).

Vanquished Creatures
  Mara (Spider:3)
  the Lernaean hydra (Swamp:4)
  Jorgrun (Orc:2)
  2 deep elf blademasters
  6 deep elf master archers (Elf:3)
  Mlioglotl (Spider:3)
  Gastronok (Lair:3)
  A thorn hunter (Swamp:2)
  Roxanne (Swamp:2)
  Kirke (Swamp:4)
  A deep elf sorcerer (Elf:3)
  7 ghost moths
  2 vault wardens (Vaults:1)
  5 emperor scorpions
  Aizul (Spider:3)
  3 deep elf elementalists (Elf:3)
  5 ironbound preservers
  A war gargoyle (Vaults:2)
  2 broodmothers
  2 ironbound thunderhulks
  A deep elf demonologist (Elf:3)
  6 deep elf annihilators
  2 eleionomae (Swamp:1)
  3 dire elephants (Vaults:1)
  A bunyip (Swamp:3)
  2 spark wasps
  A minotaur (Gauntlet)
  2 entropy weavers
  4 deep elf death magi (Elf:3)
  A crystal guardian (Vaults:1)
  2 deep elf high priests (Elf:3)
  Josephine (D:14)
  The ghost of suduhmizer the Zephyrmancer, a journeyman TeAE of Sif Muna (Lair:1)
  A yaktaur captain (Vaults:1)
  13 hydras
  3 boulder beetles
  A peacekeeper (Vaults:1)
  2 spriggan air magi (Swamp:3)
  An ogre mage (Vaults:1)
  4 centaur warriors
  4 ironbound frosthearts
  14 dancing weapons
  4 two-headed ogres
  A death knight (D:10)
  3 death yaks (IceCv)
  3 alligators
  A tengu warrior (D:14)
  Urug (Lair:5)
  17 deep elf knights
  4 orc high priests (Orc:2)
  A spriggan berserker (Swamp:3)
  A sixfirhy (Gauntlet)
  3 skeletal warriors
  A spriggan druid (Swamp:4)
  4 swamp dragons (Swamp:4)
  A goliath frog (Swamp:2)
  3 orb spiders
  12 deep trolls
  A swamp dragon (shapeshifter) (D:15)
  4 steelbarb worms
  3 wizards
  13 deep elf archers
  5 lindwurms (Vaults:1)
  An oklob plant (Lair:3)
  5 orc knights
  A phantasmal warrior (D:10)
  29 deep elf pyromancers
  4 ironbound convokers
  A harpy (Vaults:1)
  3 manticores
  12 deep elf zephyrmancers
  11 ugly things
  12 wolf spiders
  4 will-o-the-wisps
  4 moths of wrath
  3 cyclopes
  2 vault sentinels (Vaults:1)
  An ice statue (IceCv)
  3 elephants (Lair:5)
  5 torpor snails
  4 black mambas
  A smoke demon (Gauntlet)
  10 cane toads
  2 kobold demonologists (Bailey)
  7 demonic crawlers
  A rime drake (Lair:6)
  An efreet (D:13)
  4 komodo dragons
  2 unseen horrors
  4 yaktaurs (Vaults:2)
  3 trolls
  16 polar bears
  15 meliai
  10 tarantellas
  11 tyrant leeches
  16 slime creatures
  3 raiju (Lair:6)
  5 blink frogs
  A tarantella (shapeshifter) (Elf:2)
  3 hornets
  A vampire (D:12)
  An air elemental (Elf:1)
  A culicivora (shapeshifter) (D:15)
  16 culicivoras
  3 water elementals
  3 spriggans (Swamp:2)
  13 jumping spiders
  3 wraiths
  58 yaks
  5 basilisks
  4 wyverns
  2 fire elementals
  2 steam dragons
  4 hogs (Swamp:4)
  33 redbacks
  6 vampire mosquitoes
  Grum (D:8)
  4 wargs
  10 swamp worms
  A swamp worm (shapeshifter) (Vaults:1)
  8 hell hounds (Lair:6)
  11 water moccasins
  2 acid dragons (D:13)
  19 orc warriors
  2 sky beasts
  7 swamp drakes
  13 black bears
  7 centaurs
  3 ogres
  36 wolves
  4 kobold brigands
  2 gnoll sergeants
  3 earth elementals
  7 bullfrogs
  3 scorpions (D:5)
  A wyvern zombie (D:8)
  A wyvern skeleton (D:6)
  A water moccasin skeleton (D:6)
  4 killer bees
  7 wights
  7 electric eels
  6 howler monkeys
  2 crimson imps (Gauntlet)
  2 bullfrog zombies (D:5)
  3 centaur zombies
  2 bullfrog skeletons
  A gnoll shaman (D:9)
  9 orc priests
  A centaur skeleton (D:7)
  2 hounds
  4 iguanas
  A scorpion zombie (D:5)
  6 orc wizards
  A killer bee zombie (D:8)
  A hound skeleton (D:4)
  A howler monkey zombie (D:10)
  14 gnolls
  A howler monkey skeleton (D:7)
  12 adders
  6 river rats
  2 shadow imps
  4 white imps
  2 ufetubi (Gauntlet)
  5 worms
  4 dart slugs
  26 orcs
  8 endoplasms
  4 giant cockroaches
  18 goblins
  13 hobgoblins
  11 jackals
  18 kobolds
  5 quokkas
  16 ball pythons
  14 bats
  8 frilled lizards
  12 rats
  A bush (Lair:3)
986 creatures vanquished.

Vanquished Creatures (collateral kills)
  Nikola (Spider:3)
  Arachne (Spider:4)
  An orc warlord (Swamp:4)
  2 emperor scorpions
  A vault warden (Vaults:2)
  A deep elf elementalist (Elf:3)
  A war gargoyle (Vaults:2)
  Nergalle (Swamp:4)
  A stone giant (Vaults:1)
  3 ironbound preservers
  A broodmother (Spider:4)
  2 eleionomae (Swamp:1)
  2 deep elf annihilators
  5 dire elephants (Vaults:1)
  An entropy weaver (Spider:1)
  A spark wasp (Spider:4)
  A bunyip (Swamp:1)
  A yaktaur captain (Vaults:2)
  7 hydras
  2 vault guards (Vaults:1)
  A jorogumo (Spider:4)
  A centaur warrior (D:15)
  2 boulder beetles
  An alligator (Swamp:4)
  An orc high priest (Swamp:4)
  9 dancing weapons
  A tengu warrior (D:14)
  Sonja (Lair:5)
  6 deep elf knights
  A pharaoh ant (Spider:1)
  A goliath frog (Swamp:1)
  A skeletal warrior (D:14)
  10 deep trolls
  5 orb spiders
  2 bog bodies
  8 swamp dragons (Swamp:4)
  A lindwurm (Vaults:1)
  9 deep elf archers
  17 deep elf pyromancers
  18 deep elf zephyrmancers
  2 ironbound convokers
  3 orc knights
  2 manticores
  3 will-o-the-wisps
  4 wolf spiders
  5 slime creatures
  A cyclops (D:15)
  3 elephants (Lair:5)
  5 ugly things
  A gargoyle (D:12)
  3 black mambas
  5 cane toads
  Maggie (D:8)
  2 rime drakes
  A torpor snail (Spider:3)
  A freezing wraith (D:10)
  A demonic crawler (Spider:1)
  A tengu conjurer (D:14)
  5 komodo dragons
  A troll (D:13)
  2 polar bears
  A bloated husk (Swamp:2)
  9 meliai
  2 tyrant leeches
  3 hornets (Swamp:2)
  A raiju (Lair:6)
  3 tarantellas (Spider:4)
  8 blink frogs
  2 air elementals
  11 jumping spiders
  5 culicivoras
  3 spriggans
  A water elemental (Elf:3)
  A fire elemental (Elf:1)
  14 yaks
  3 wraiths (D:14)
  A basilisk (D:14)
  13 redbacks
  3 vampire mosquitoes (D:13)
  3 wargs (Lair:6)
  3 swamp worms
  5 water moccasins
  An acid dragon (D:12)
  5 hell hounds (Lair:6)
  6 orc warriors
  2 swamp drakes (Swamp:4)
  A black bear (Lair:6)
  2 wolves (Lair:6)
  2 ogres (Orc:1)
  3 earth elementals
  3 killer bees (D:10)
  A wight (D:8)
  A howler monkey (D:10)
  2 electric eels
  4 orc priests
  2 orc wizards (D:9)
  A gnoll (D:12)
  9 orcs
324 creatures vanquished.

Vanquished Creatures (others)
  2 orc warlords
  An entropy weaver (Spider:2)
  2 orc high priests
  A deep elf knight (Elf:2)
  6 orc knights
  A deep elf archer (Elf:2)
  An orc sorcerer (Swamp:4)
  A wolf spider (Spider:3)
  19 orc warriors
  A human (Swamp:4)
  23 orc priests
  4 orc wizards
  49 orcs
  32 foxfires
  41 fungi
  73 plants
257 creatures vanquished.

Grand Total: 1567 creatures vanquished

Notes
Turn   | Place    | Note
-------+----------+-------------------------------------------
     0 | D:1      | safid the Hill Orc Fighter began the quest for the Orb.
     0 | D:1      | Reached XP level 1. HP: 19/19 MP: 1/1
   121 | D:1      | Reached XP level 2. HP: 27/27 MP: 2/2
   577 | D:1      | Reached XP level 3. HP: 33/33 MP: 3/3
   839 | D:1      | Found a faded altar of an unknown god.
  1431 | D:2      | Reached XP level 4. HP: 39/40 MP: 4/4
  1672 | D:2      | Found a snail-covered altar of Cheibriados.
  2184 | D:3      | Noticed an ogre
  2240 | D:3      | Reached skill level 5 in Axes
  2363 | D:3      | Killed an ogre
  2364 | D:3      | Reached XP level 5. HP: 29/46 MP: 5/5
  2366 | D:3      | Reached XP level 6. HP: 34/52 MP: 6/6
  2551 | D:3      | Found a shimmering altar of Xom.
  3044 | D:4      | Found a staircase to the Ecumenical Temple.
  3102 | D:4      | Found a runed translucent door.
  3112 | D:4      | Noticed themarg's ghost (amateur MfSu)
  3502 | D:4      | Found Utohon's Antique Weapon Shoppe.
  3778 | D:5      | Entered Level 5 of the Dungeon
  3881 | D:5      | Found a runed translucent door.
  3949 | D:5      | Reached XP level 7. HP: 59/59 MP: 7/7
  4021 | D:5      | Found a glowing drain.
  4112 | Sewer    | Entered a sewer
  4499 | Sewer    | Reached skill level 10 in Axes
  5436 | D:5      | Noticed browni3141's ghost (novice MiBe)
  5482 | D:5      | Became a worshipper of Beogh the Brigand
  5498 | D:5      | Reached XP level 8. HP: 63/66 MP: 8/8
  6677 | D:6      | Reached * piety under Beogh
  6880 | D:6      | Reached XP level 9. HP: 71/71 MP: 9/9
  6956 | D:4      | Bought a warped broad axe for 225 gold pieces
  6956 | D:4      | Identified the +7 broad axe "Zal Fitirymi" {pain, Fragile
                  | rN+ Will++ Int+4} (You bought it in a shop on level 4 of
                  | the Dungeon)
  7747 | D:7      | Reached skill level 15 in Axes
  8008 | D:7      | Found a flagged portal.
  8039 | Bailey   | Entered a bailey
  8481 | Bailey   | Noticed an orc knight
  8492 | Bailey   | Killed an orc knight
  8493 | Bailey   | Reached skill level 1 in Invocations
  8666 | Bailey   | Reached skill level 2 in Invocations
  8667 | Bailey   | Reached skill level 5 in Fighting
  8669 | Bailey   | Reached ** piety under Beogh
  8687 | Bailey   | Noticed a kobold demonologist
  8696 | Bailey   | Killed a kobold demonologist
  8697 | Bailey   | Reached XP level 10. HP: 56/83 MP: 10/12
  8852 | Bailey   | Reached skill level 3 in Invocations
  8853 | Bailey   | Reached skill level 5 in Armour
  9111 | Bailey   | Acquired 429 gold pieces
  9117 | Bailey   | Noticed an orc knight
  9126 | Bailey   | Killed an orc knight
  9337 | Bailey   | Reached skill level 4 in Invocations
  9816 | Bailey   | Found an iron altar of Okawaru.
  9816 | Bailey   | Noticed a kobold demonologist
  9827 | Bailey   | Killed a kobold demonologist
 10063 | Bailey   | Identified the +7 shortbow of Royalism {flame, rF- Str+6}
 10064 | Bailey   | Identified the +2 flail of Cheese {vorpal, rC+}
 10214 | D:7      | Found a huge runed translucent gate.
 10214 | D:7      | Found a huge runed translucent gate.
 10214 | D:7      | Found a huge runed translucent gate.
 10214 | D:7      | Found a huge runed translucent gate.
 10214 | D:7      | Noticed a death yak
 10405 | D:7      | Found a runed translucent door.
 10406 | D:7      | Noticed Crazy Yiuf
 10501 | D:7      | Reached skill level 5 in Invocations
 10765 | D:8      | You fall into a shaft and drop 3 floors!
 10765 | D:11     | Noticed an unseen horror
 10803 | D:10     | Entered Level 10 of the Dungeon
 10803 | D:10     | Noticed a two-headed ogre
 11153 | D:9      | Found a staircase to the Lair.
 11317 | D:9      | Reached skill level 1 in Dodging
 11339 | D:8      | Reached *** piety under Beogh
 11411 | D:8      | Noticed Grum
 11427 | D:8      | Killed Grum
 11766 | D:8      | Found Xeturr's Jewellery Shop.
 11778 | D:8      | Reached skill level 6 in Invocations
 11899 | D:8      | Bought the ring of Umomux {EV+4 Dex+6} for 556 gold pieces
 11958 | D:8      | Noticed Maggie
 11966 | D:8      | Killed Maggie
 11967 | D:8      | Reached XP level 11. HP: 86/97 MP: 15/15
 12371 | D:9      | Noticed a two-headed ogre
 12376 | D:9      | Killed a two-headed ogre
 12774 | D:9      | Reached skill level 10 in Fighting
 13009 | D:9      | Found a runed translucent door.
 13170 | D:9      | Noticed an orc knight
 13181 | D:9      | Killed an orc knight
 13183 | D:9      | Reached skill level 7 in Invocations
 13381 | D:9      | Found a roughly hewn altar of Beogh.
 13440 | D:10     | Killed a two-headed ogre
 13743 | D:10     | Noticed a two-headed ogre
 13750 | D:10     | Killed a two-headed ogre
 14133 | D:10     | Noticed a death knight
 14133 | D:10     | Noticed a skeletal warrior
 14134 | D:10     | Noticed a phantasmal warrior
 14148 | D:10     | HP: 1/102 [death knight (21)]
 15020 | D:11     | Noticed Nergalle
 15656 | D:11     | Reached skill level 8 in Invocations
 15659 | D:11     | Reached **** piety under Beogh
 15748 | D:11     | Noticed a red ugly thing
 15751 | D:11     | Killed a red ugly thing
 15939 | D:12     | Noticed a wolf spider
 15951 | D:12     | Noticed a manticore
 15961 | D:12     | Killed a manticore
 15962 | D:12     | Reached XP level 12. HP: 74/112 MP: 18/18
 15965 | D:12     | Found a gate leading to a gauntlet.
 16219 | Gauntlet | Entered a Gauntlet
 16219 | Gauntlet | Found a transporter.
 16219 | Gauntlet | Found a runed translucent door.
 16219 | Gauntlet | Found a runed translucent door.
 16219 | Gauntlet | Found a transporter.
 16219 | Gauntlet | Found a transporter.
 16228 | Gauntlet | Noticed a death scarab
 16266 | Gauntlet | Found a transporter.
 16269 | Gauntlet | Found a transporter.
 16277 | Gauntlet | Found a transporter.
 16280 | Gauntlet | Found a transporter.
 16283 | Gauntlet | Noticed a death yak
 16283 | Gauntlet | Noticed a death yak
 16284 | Gauntlet | Noticed a death yak
 16288 | Gauntlet | Found a transporter.
 16306 | Gauntlet | Found a transporter.
 16312 | Gauntlet | Found a transporter.
 16314 | Gauntlet | Found a transporter.
 16327 | Gauntlet | Found a transporter.
 16540 | Gauntlet | Reached skill level 9 in Invocations
 16543 | Gauntlet | Identified the ring "Nuegap" {rF++ rN+ Dex-3 Slay+2 SInv}
 16564 | Gauntlet | Reached skill level 1 in Evocations
 16772 | Gauntlet | Identified the +0 pair of gloves of Neerazunk {rPois}
 16864 | Gauntlet | Identified the amulet "Qynnoydi" {Reflect rPois SH+5}
 16864 | Gauntlet | Noticed a minotaur
 16878 | Gauntlet | Killed a minotaur
 17218 | D:12     | Found a roughly hewn altar of Beogh.
 17218 | D:12     | Found a staircase to the Orcish Mines.
 17404 | D:12     | Found a transporter.
 17407 | D:12     | Noticed a sphinx
 17407 | D:12     | Noticed Peasiagg's ghost (journeyman TrMo)
 17409 | D:12     | Found a transporter.
 17767 | D:12     | Noticed an ettin
 17818 | D:13     | Reached skill level 5 in Dodging
 17917 | D:13     | Noticed a two-headed ogre
 17926 | D:13     | Killed a two-headed ogre
 17989 | D:13     | Reached skill level 10 in Invocations
 18047 | D:13     | Reached skill level 11 in Invocations
 18060 | D:13     | Reached skill level 5 in Evocations
 18281 | D:13     | Found a gate to the Vaults.
 18792 | D:13     | Noticed a boulder beetle
 18793 | D:13     | Noticed a centaur warrior
 18797 | D:13     | Killed a centaur warrior
 18813 | D:13     | Killed a boulder beetle
 18814 | D:13     | Reached XP level 13. HP: 106/118 MP: 21/21
 18893 | D:13     | Reached skill level 12 in Invocations
 19577 | Lair:1   | Entered Level 1 of the Lair of Beasts
 19597 | Lair:1   | Found a large runed translucent door.
 19598 | Lair:1   | Found a large runed translucent door.
 19600 | Lair:1   | Noticed suduhmizer's ghost (journeyman TeAE)
 20302 | Lair:1   | Killed suduhmizer's ghost
 20303 | Lair:1   | Reached skill level 13 in Invocations
 20373 | Lair:1   | Identified the ring "Vazil" {Will+ Str+3}
 20429 | Lair:2   | Found a hole to the Spider Nest.
 21233 | Lair:2   | Found a staircase to the Swamp.
 21244 | Lair:2   | Reached skill level 14 in Invocations
 22236 | Lair:3   | Reached skill level 15 in Invocations
 22389 | Lair:3   | Noticed Gastronok
 22396 | Lair:3   | Killed Gastronok
 23030 | Lair:3   | Reached skill level 16 in Invocations
 23457 | Lair:4   | Reached XP level 14. HP: 90/126 MP: 26/26
 23479 | Lair:4   | Found a frozen archway.
 23488 | IceCv    | Entered an ice cave
 23498 | IceCv    | Reached skill level 17 in Invocations
 24457 | IceCv    | Reached skill level 18 in Invocations
 25234 | IceCv    | Identified the +1 chain mail of Kyphaomp {rC+ Will+ Regen+}
 25568 | Lair:4   | Reached skill level 19 in Invocations
 26313 | Lair:5   | Gained Oruk as an ally
 26315 | Lair:5   | Noticed Urug
 26334 | Lair:5   | Killed Urug
 26375 | Lair:5   | Reached skill level 20 in Invocations
 26496 | Lair:5   | Noticed Sonja
 26505 | Lair:5   | Killed Sonja
 26933 | Lair:5   | Found a viscous altar of Jiyva.
 26933 | Lair:5   | Found a staircase to the Slime Pits.
 26978 | Lair:6   | Entered Level 6 of the Lair of Beasts
 26997 | Lair:6   | Reached skill level 1 in Necromancy
 27201 | Lair:6   | Reached XP level 15. HP: 129/133 MP: 29/29
 27832 | Lair:6   | Reached ***** piety under Beogh
 28499 | Orc:1    | Entered Level 1 of the Orcish Mines
 28499 | Orc:1    | Found Nufreeh's Weapon Shoppe.
 28514 | Orc:1    | Gained Blodwig as an ally
 28898 | Orc:2    | Entered Level 2 of the Orcish Mines
 28922 | Orc:2    | Found a bloodstained altar of Trog.
 29078 | Orc:2    | Found Xigohut's Book Emporium.
 29127 | Orc:2    | Found a staircase to the Elven Halls.
 29165 | Orc:2    | Gained Wulfoc as an ally
 29173 | Orc:2    | Reached skill level 10 in Armour
 29524 | Orc:2    | Noticed Jorgrun
 29532 | Orc:2    | Killed Jorgrun
 29546 | Orc:2    | Reached skill level 21 in Invocations
 29658 | Orc:2    | Found Nykheek's Distillery.
 29658 | Orc:2    | Found Vingoakk's Antique Weapon Boutique.
 29659 | Orc:2    | Found Wenaonep's Jewellery Shop.
 29659 | Orc:2    | Found Mocweoso's Weapon Boutique.
 29666 | Orc:2    | Bought a potion of might for 56 gold pieces
 29666 | Orc:2    | Bought a potion of berserk rage for 70 gold pieces
 29666 | Orc:2    | Bought a potion of flight for 42 gold pieces
 29666 | Orc:2    | Bought a potion of haste for 140 gold pieces
 29666 | Orc:2    | Bought a potion of curing for 42 gold pieces
 29666 | Orc:2    | Bought a potion of heal wounds for 70 gold pieces
 29666 | Orc:2    | Bought a potion of invisibility for 112 gold pieces
 29669 | Orc:2    | Bought the +12 broad axe "Wyplauf" {vorpal, rElec} for 1360
                  | gold pieces
 29670 | Orc:2    | Bought a brightly glowing long sword for 221 gold pieces
 29670 | Orc:2    | Identified the +7 long sword of Excruciating Pain {drain,
                  | rPois} (You bought it in a shop on level 2 of the Orcish
                  | Mines)
 29831 | Orc:1    | Found Gedemiso's Mass Market.
 29888 | Orc:1    | Found a roughly hewn altar of Beogh.
 30200 | D:14     | Noticed Josephine
 30205 | D:14     | Killed Josephine
 30214 | D:14     | Gained Bogward as an ally
 30768 | D:15     | Entered Level 15 of the Dungeon
 31000 | D:15     | Found an ornate altar of the Wu Jian Council.
 31176 | D:15     | Found a staircase to the Depths.
 31187 | D:15     | Reached XP level 16. HP: 90/145 MP: 30/30
 31291 | D:15     | Your ally Bogward died
 31884 | Swamp:1  | Entered Level 1 of the Swamp
 31998 | Swamp:1  | Your ally Blodwig died
 32167 | Swamp:1  | Gained Wardok as an ally
 32178 | Swamp:1  | Reached ****** piety under Beogh
 32479 | Swamp:2  | Gained Bogbarth as an ally
 32490 | Swamp:2  | Noticed a thorn hunter
 32500 | Swamp:2  | Killed a thorn hunter
 32697 | Swamp:2  | Reached skill level 22 in Invocations
 32850 | Swamp:2  | Noticed Roxanne
 32862 | Swamp:2  | Killed Roxanne
 33521 | Swamp:3  | Reached skill level 15 in Fighting
 33918 | Swamp:4  | Entered Level 4 of the Swamp
 33948 | Swamp:4  | Noticed Kirke
 33956 | Swamp:4  | Killed Kirke
 34021 | Swamp:4  | Your ally Nergalle died
 34034 | Swamp:4  | Identified the +8 great sword of the Vase {drain, rC++}
 34131 | Swamp:4  | Your ally Oruk died
 34133 | Swamp:4  | Gained Marbork as an ally
 34134 | Swamp:4  | Noticed the 27-headed Lernaean hydra
 34144 | Swamp:4  | Your ally Marbork died
 34147 | Swamp:4  | Your ally Bogbarth died
 34166 | Swamp:4  | Killed the 27-headed Lernaean hydra
 34171 | Swamp:4  | Reached skill level 23 in Invocations
 34325 | Swamp:4  | Your ally Wardok died
 34377 | Swamp:4  | Got a decaying rune of Zot
 35198 | Elf:1    | Entered Level 1 of the Elven Halls
 35206 | Elf:1    | Reached XP level 17. HP: 116/158 MP: 30/32
 35247 | Elf:1    | Found Xeosucre's Antique Weapon Boutique.
 35578 | Elf:1    | Reached skill level 24 in Invocations
 35613 | Elf:1    | Paralysed by an air elemental for 1 turns
 35641 | Elf:1    | Found Jenok's General Store.
 35650 | Elf:1    | Bought the ring "Rach" {rN+ Will++ rCorr Str-2 SInv} for
                  | 432 gold pieces
 36165 | Elf:2    | Gained Boderik as an ally
 36169 | Elf:2    | Gained Bogfrid as an ally
 36203 | Elf:2    | Your ally Boderik died
 36845 | Elf:2    | Found a runed translucent gate.
 36846 | Elf:2    | Found a runed translucent gate.
 36847 | Elf:2    | Found a runed translucent gate.
 37215 | Elf:2    | Reached skill level 25 in Invocations
 37320 | Elf:2    | Noticed a deep elf blademaster
 37327 | Elf:2    | Killed a deep elf blademaster
 37415 | Elf:2    | Reached XP level 18. HP: 153/170 MP: 34/34
 37750 | Elf:3    | Entered Level 3 of the Elven Halls
 37783 | Elf:3    | Found a radiant altar of Vehumet.
 38457 | Elf:3    | Noticed a deep elf master archer
 38460 | Elf:3    | Noticed a deep elf master archer
 38473 | Elf:3    | Killed a deep elf master archer
 38479 | Elf:3    | Noticed a deep elf blademaster
 38481 | Elf:3    | Noticed a deep elf master archer
 38485 | Elf:3    | Identified the ring of Jielul {rF+ rC+ rCorr Str-3}
 38489 | Elf:3    | Killed a ghostly deep elf master archer
 38500 | Elf:3    | Noticed a deep elf master archer
 38501 | Elf:3    | Killed a deep elf blademaster
 38506 | Elf:3    | Killed a deep elf master archer
 38510 | Elf:3    | Killed a deep elf master archer
 38518 | Elf:3    | Killed a deep elf master archer
 38546 | Elf:3    | Your ally Wulfoc died
 38719 | Elf:3    | Found the +3 giant club "Skullcrusher" {speed, Str+7}
 38766 | Elf:3    | Identified the +10 shortbow of Ceoteloa {speed, Will-
                  | Int+8}
 38800 | Elf:3    | Noticed a deep elf master archer
 38800 | Elf:3    | Noticed a deep elf master archer
 38808 | Elf:3    | Killed a deep elf master archer
 38808 | Elf:3    | Killed a deep elf master archer
 38937 | Elf:3    | Found the +7 great mace "Undeadhunter" {disrupt, rN+}
 38938 | Elf:3    | Found the ring of the Octopus King
 38947 | Elf:3    | Found the +15 Maxwell's patent armour {-Cast -Tele rElec
                  | Will+ rCorr}
 38954 | Elf:3    | Identified the amulet "Turod" {Contam rC+ Will++ Regen+
                  | Stlth+}
 38960 | Elf:3    | Identified the +5 flail of Crystal {protect, *Slow Int+4
                  | Dex+2}
 38978 | Elf:3    | Identified a ring of the Octopus King {rCorr AC+1 EV+1
                  | Str+1 Int+1 Dex+1}
 38981 | Elf:3    | Identified the ring of Nacityu {rCorr EV+4 Dex+3}
 39006 | Elf:3    | Identified the +1 mace "Run Ofucs" {vorpal, rC+ rN+ Dex+4
                  | Stlth+}
 39101 | Elf:3    | Identified the ring "Raokonit" {rElec Will+}
 39132 | Elf:3    | Identified the +5 shortbow "Ateamir" {vorpal, rElec rF+
                  | Will+ Dex+4}
 39152 | Elf:3    | Got the Handbook of Stones
 39668 | Spider:1 | Entered Level 1 of the Spider Nest
 39696 | Spider:1 | Reached skill level 26 in Invocations
 39822 | Spider:1 | Acquired 476 gold pieces
 41102 | Spider:3 | Noticed Aizul
 41112 | Spider:3 | Killed Aizul
 41224 | Spider:3 | Reached XP level 19. HP: 122/181 MP: 36/36
 41635 | Spider:3 | Noticed Nikola
 41642 | Spider:3 | Killed Nikola
 41685 | Spider:3 | Noticed Mlioglotl
 41688 | Spider:3 | Killed Mlioglotl
 41902 | Spider:3 | Noticed Mara
 41930 | Spider:3 | Noticed safid's illusion
 41933 | Spider:3 | Killed Mara
 41934 | Spider:3 | Reached skill level 5 in Shields
 42521 | Spider:4 | Entered Level 4 of the Spider Nest
 42526 | Spider:4 | Noticed Arachne
 42543 | Spider:4 | Killed Arachne
 43197 | Spider:4 | Got a gossamer rune of Zot
 43796 | Vaults:1 | Entered Level 1 of the Vaults
 43965 | Vaults:1 | Got the Volume of the Hart
 44337 | Vaults:1 | Identified the +1 ring mail of Polytheism {Rampage rCorr
                  | Int+5}
 44457 | Vaults:1 | Reached XP level 20. HP: 171/193 MP: 37/37
 44458 | Vaults:1 | Reached skill level 15 in Armour
 44464 | Vaults:1 | Reached skill level 27 in Invocations
 45024 | Vaults:1 | Reached skill level 10 in Evocations
 45586 | Vaults:2 | Your ally Bogfrid died
 45600 | Vaults:2 | HP: 8/191 [titan/bolt of lightning (13)]
 45603 | Vaults:2 | Killed from afar by a titan

Illustrated notes

Levels and vault maps discovered:
D:1:      dpeg_arrival_houses_and_road, layout_loops_ring,
          chequers_ecumenical_altar_grove, serial_bayou_ford_a, minmay_distorted
D:2:      minmay_general_purpose_star, layout_basic, basic_altar,
          minmay_bisected
D:3:      minmay_chambers_of_twos, layout_rooms, mainiacjoe_overflow_alcove_4
D:4:      layout_basic, minmay_temple_entry_antechambers, serial_shops,
          nicolae_shop_advertising_works [nicolae_subvault_shop_adworks],
          hellmonk_ghost_happy_afterlife
D:5:      layout_loops_ring, lightli_sewer_entry_pipes, ebering_ghost_sewer_d,
          chequers_arboretum, corexii_leaking_fountain, minmay_quadrilaterals
D:6:      layout_gridville
D:7:      lemuel_bear_cage, layout_basic, enter_bailey_3,
          uniq_crazy_yiuf_cottage
D:8:      layout_rooms, minmay_shop_enchanted_jewellery, uniq_maggie, uniq_grum
D:9:      layout_basic, lair_entry_dummy, lightli_church_of_beogh
D:10:     layout_rooms, solitary_fountain, kennysheep_generic_room_15
D:11:     layout_basic, grunt_ministairs_3, uniq_nergalle
D:12:     layout_basic, david_orc_5, gauntlet_entry_generic,
          gammafunk_ghost_arena
D:13:     layout_loops_ring, erik_vaults_1, serial_rivers,
          chequers_serial_rivers_small_b, chequers_serial_rivers_large_b,
          chequers_serial_rivers_large_a, chequers_serial_rivers_small_3,
          chequers_serial_rivers_marsh
D:14:     layout_cave_pools, hangedman_abyss_or_decor_clamps, uniq_josephine
D:15:     hangedman_depths_entry_try_elsewhere_first, layout_cave_pods,
          nicolae_wu_jian_immortal_techniques
Lair:1:   layout_long_grid, ebering_ghost_disaster_area
Lair:2:   statuecave_lemuel, layout_loops_ring, skrybe_swamp_entry_bodies,
          nicolae_spider_entry_tight_spaces, infiniplex_staircase_pool_2
Lair:3:   layout_roguey, minmay_lair_oklob_bushes, uniq_gastronok
Lair:4:   layout_loops_ring, portal_ice_cave_entry_pillars_2
Lair:5:   layout_concentric_octagons, dpeg_slime_entry_enclosed_altar,
          uniq_urug, uniq_sonja
Lair:6:   hangedman_lair_caniforms_friends, layout_small_grid,
          grunt_megastairs_5, serial_bayou_shore_b, serial_bayou_shore_b
Swamp:1:  layout_basic_swamp, evilmike_swamp_ruin_house_3,
          nicolae_swamp_triple_paths
Swamp:2:  layout_basic_swamp, evilmike_swamp_ruin_house_1,
          infiniplex_staircase_pool, uniq_roxanne
Swamp:3:  layout_basic_swamp, evilmike_swamp_ruin_rubble_1
Swamp:4:  swamp_old_school, layout_basic_swamp, hangedman_swamp_diagram,
          swamp_pool2, uniq_kirke
Spider:1: layout_cave_pods
Spider:2: layout_cave_pods
Spider:3: layout_cave_pods, uniq_mlioglotl, uniq_nikola, uniq_aizul, uniq_mara
Spider:4: guppyfry_spider_rune, hellmonk_spider_spawner, uniq_arachne
Orc:1:    layout_caves, basic_altar, serial_shops,
          nicolae_shop_bloodbath_and_beyond, minmay_shop_mass,
          nicolae_orc_sculptors_studio
Orc:2:    st_orc_pillars, layout_caves, basic_altar, serial_shops,
          nicolae_shop_temple_entry_statues_fountains, uniq_jorgrun
Elf:1:    layout_loops_ring, serial_shops, shop, shop_fountains,
          minmay_elf_crystal_hexagon
Elf:2:    elven_hall_of_blades_hangedman_original
          [nicolae_blade_entry_area_security], layout_loops_cross,
          lemuel_upstairs_altar
Elf:3:    minmay_elf_hall, layout_gridlike, minivault_11,
          david_defended_altar_elf
Vaults:1: nicolae_vaults_network_square, st_hourglassy, v_misc_23,
          nicolae_vaults_circle_grid_b, grunt_vaults_hallway_short, v_misc_3,
          vaults_room_corners, hangedman_vaults_trim,
          vaults_room_stairs_pillars, nicolae_vaults_mini_display_case,
          layout_vaults_omnigrid
Vaults:2: portal_desolation_entry_salt, dpeg_vaults_pockets_of_resistance,
          nicolae_vaults_ninety_degrees, ontoclasm_vaults_bender,
          vaults_mumra_minichess_inversion, v_misc_25,
          nicolae_vaults_shelves_hall, grunt_vaults_focal,
          nicolae_vaults_puzzle_piece, vaults_dpeg_diagonal,
          ontoclasm_vaults_pinch, hangedman_vaults_unwind,
          nicolae_vaults_little_squares_5, vaults_room_fours,
          dpeg_vaults_monster_row, vaults_room_pools, layout_vaults_omnibox

Skill      XL: |  1  2  3  4  5  6  7  8  9 10 11 12 13 14 15 16 17 18 19 20 |
---------------+-------------------------------------------------------------+-----
Axes           | 3 6 8 11 14 16 17 18 | 18.0
Fighting       | 4 5 9 11 12 13 16 17 18 19 20 | 20.0
Shields        | 4 7 9 |  9.2
Armour         | 4 6 8 9 10 11 13 14 15 | 15.0
Invocations    | 2 6 8 11 16 20 21 23 25 26 27 | 27.0
Dodging        | 2 4 5 6 |  6.0
Evocations     | 6 8 9 10 | 10.9
Necromancy     | 2 4 |  4.0

Action                   |  1- 3 |  4- 6 |  7- 9 | 10-12 | 13-15 | 16-18 | 19-21 || total
-------------------------+-------+-------+-------+-------+-------+-------+-------++-------
Melee: War axe           |   101 |   195 |   278 |       |       |       |       ||   574
       Broad axe         |       |       |    82 |   437 |   899 |   725 |   444 ||  2587
Invok: Convert to Beogh  |       |       |     1 |       |       |       |       ||     1
       Smiting           |       |       |       |    10 |    21 |    28 |     3 ||    62
       Recall Orcish Fol |       |       |       |     1 |     4 |    13 |     3 ||    21
       Give Item to Name |       |       |       |       |     2 |     2 |       ||     4
       Stop Recall       |       |       |       |       |       |     1 |       ||     1
Evoke: Wand              |       |       |       |     1 |     3 |       |       ||     4
       Condenser vane    |       |       |       |       |       |     1 |     1 ||     2
  Use: Potion            |       |     1 |     5 |    11 |     3 |     7 |    16 ||    43
       Scroll            |       |       |     6 |    16 |    11 |     9 |     6 ||    48
 Stab: Distracted        |       |       |       |     7 |     7 |     4 |     1 ||    19
Armor: Scale mail        |    10 |       |       |       |       |       |       ||    10
       Plate armour      |    48 |   146 |   184 |   259 |   203 |   151 |   460 ||  1451
       Chain mail        |       |       |       |       |   288 |   320 |       ||   608
       Skin              |       |       |       |       |       |       |     5 ||     5
Dodge: Dodged            |    27 |    61 |    63 |   181 |   307 |   261 |   180 ||  1080
Block: Buckler           |    15 |    43 |    70 |   112 |   341 |   283 |   171 ||  1035
       Reflection        |       |       |       |       |     3 |    41 |       ||    44
